 Dungeon Crawl Stone Soup version 0.22-a0-93-g6b88ebb (webtiles) character file.

112 Kavrick the Cutter (level 5, -2/32 HPs)
             Began as a Kobold Gladiator on Jan 24, 2018.
             Slain by a hippogriff (4 damage)
             ... on level 2 of the Dungeon.
             The game lasted 00:03:08 (2733 turns).

Kavrick the Cutter (Kobold Gladiator)               Turns: 2733, Time: 00:03:09

Health: -2/32      AC:  4    Str: 12    XL:     5   Next: 16%
Magic:  5/5        EV: 16    Int: 10    God:
Gold:   55         SH:  0    Dex: 16    Spells: 4/4 levels left

rFire    . . .     SeeInvis .   a - +0 rapier
rCold    . . .     Gourm    .   (shield restricted)
rNeg     . . .     Faith    .   b - +0 leather armour
rPois    .         Spirit   .   c - +0 helmet
rElec    .         Reflect  .   (no cloak)
rCorr    .         Harm     .   (no gloves)
MR       .....                  (no boots)
Stlth    +.........             (no amulet)
HPRegen  0.10/turn              (no ring)
MPRegen  0.09/turn              (no ring)

@: no status effects
A: small, carnivore
a: no special abilities


You were on level 2 of the Dungeon.
You were completely stuffed.

You visited 1 branch of the dungeon, and saw 3 of its levels.

You collected 55 gold pieces.

Inventory:

Hand Weapons
 a - a +0 rapier (weapon)
Missiles
 d - 3 throwing nets (quivered)
Armour
 b - a +0 leather armour (worn)
 c - a +0 helmet (worn)
Scrolls
 e - 3 scrolls of identify {unknown}
 i - a scroll of remove curse {unknown}
 j - a scroll of blinking {unknown}
 k - a scroll of enchant armour {unknown}
Potions
 g - 2 potions of curing {unknown}
 h - a potion of agility {unknown}
Comestibles
 f - 4 rations
 l - a chunk of flesh


   Skills:
 + Level 3.1 Fighting
 * Level 5.5 Short Blades
 - Level 2.2 Throwing
 + Level 1.2 Armour
 + Level 4.3 Dodging


You had 4 spell levels left.
You didn't know any spells.

Dungeon Overview and Level Annotations

Branches:
Dungeon (3/15)

Altars:
Vehumet


Innate Abilities, Weirdness & Mutations

You are small and have problems with some larger weapons.
You are carnivorous and can eat meat at any time.


Message History

The hippogriff bites you but does no damage.
The hippogriff pecks you.
* * * LOW HITPOINT WARNING * * *
The hippogriff claws you.
* * * LOW HITPOINT WARNING * * *
You climb upwards.
There is a stone staircase leading down here.
The hippogriff completely misses you. The hippogriff closely misses you.
The hippogriff claws you.
* * * LOW HITPOINT WARNING * * *
There is a stone staircase leading down, spattered with blood here.
You see here a club.
The hippogriff barely misses you. The hippogriff pecks you!
* * * LOW HITPOINT WARNING * * *
The hippogriff claws you.
* * * LOW HITPOINT WARNING * * *
The hippogriff barely misses you. The hippogriff pecks you.
* * * LOW HITPOINT WARNING * * *
The hippogriff claws you.
You die...

#####
############...#
#..............#
#.####..####.)<#
#####.####..#
##.##
#..........@#
#.#
#.###.####H##
##.# #.#
#.####.# #..#
#.###......###
#.###
#...####.....#
#.#.## ###.#
##.....###....##
#.#
#..............#
#.#
#......##.#.>.##
#.#
#......##.##.##


You could see a hippogriff.

Vanquished Creatures
  3 adders
  2 worms (D:2)
  3 dart slugs
  5 leopard geckos
  5 orcs (D:3)
  4 giant cockroaches
  8 goblins
  6 hobgoblins
  8 bats
  7 frilled lizards
  5 kobolds (D:2)
  10 rats
66 creatures vanquished.

Notes
Turn   | Place    | Note
-------+----------+-------------------------------------------
     0 | D:1      | Kavrick the Kobold Gladiator began the quest for the Orb.
     0 | D:1      | Reached XP level 1. HP: 12/12 MP: 1/1
    36 | D:1      | Reached XP level 2. HP: 12/18 MP: 2/2
   647 | D:1      | Reached XP level 3. HP: 19/22 MP: 3/3
  1388 | D:2      | Found a radiant altar of Vehumet.
  1658 | D:2      | Reached XP level 4. HP: 27/27 MP: 4/4
  1755 | D:2      | Reached skill level 5 in Short Blades
  1778 | D:2      | Reached skill level 1 in Armour
  2018 | D:3      | Reached XP level 5. HP: 8/32 MP: 5/5
  2567 | D:3      | Noticed a hippogriff
  2733 | D:2      | Slain by a hippogriff

Vault maps used:
D:1:      tarquinn_simple_flora_water_e, minmay_tetromino_l2
D:2:      lemuel_crystal_altar
D:3:      lemuel_coloured_pillars_altar, nicolae_overflow_hidden_temple,
          first_ration

Skill      XL: |  1  2  3  4 |
---------------+-------------+-----
Dodging        | 4 |  4.3
Short Blades   | 5 |  5.5
Armour         | 1 |  1.2
Fighting       | 3 |  3.1
Throwing       | |  2.2

Action                   |  1- 3 |  4- 6 || total
-------------------------+-------+-------++-------
Melee: Rapier            |   131 |   109 ||   240
 Stab: Sleeping          |     2 |     2 ||     4
  Eat: Chunk             |    10 |     4 ||    14
Armor: Leather armour    |    28 |    29 ||    57
Dodge: Dodged            |   104 |   131 ||   235

Table legend:
 A = Spawn XP
 B = Non-spawn XP
 C = Spawn XP percentage of total XP
 D = Spawn monster count
 E = Non-spawn monster count
 F = Spawn count percentage of total count
 G = Total turns spent on level
                    A         B        C        D         E        F      G
               +---------+---------+-------+---------+---------+-------+---------
         Total |       0 |     160 |   0.0 |       0 |      66 |   0.0 |  2733
               +---------+---------+-------+---------+---------+-------+---------
           D:1 |       0 |      40 |   0.0 |       0 |      23 |   0.0 |   872
           D:2 |       0 |      68 |   0.0 |       0 |      29 |   0.0 |  1243
           D:3 |       0 |      52 |   0.0 |       0 |      14 |   0.0 |   618
               +---------+---------+-------+---------+---------+-------+---------
